 Dungeon Crawl Stone Soup version 0.29.1-2-gbd0b4ee654 (webtiles) character file.

Game seed: 14271795572697528153

9 GorkyZ the Grave Robber (level 2, 0/19 HPs)
             Began as a Mummy Necromancer on Nov 11, 2022.
             Slain by a gnoll
             ... wielding a +0 spear
              (7 damage)
             ... on level 2 of the Dungeon.
             The game lasted 00:15:39 (1208 turns).

GorkyZ the Grave Robber (Mummy Necromancer)         Turns: 1208, Time: 00:15:39

Health: 0/19       AC:  2    Str: 11    XL:     2   Next: 6%
Magic:  1/5        EV: 12    Int: 14    God:
Gold:   24         SH:  0    Dex: 12    Spells: 5/6 levels left

rFire   x . .      SeeInvis .   d - +0 hand axe
rCold   + . .      Faith    .   (no shield)
rNeg    + + +      Spirit   .   a - +0 robe
rPois   ∞          Reflect  .   (no helmet)
rElec   .          Harm     .   (no cloak)
rCorr   .          Rampage  .   (no gloves)
Will    .....                   (no boots)
Stlth   ++........              (no amulet)
HPRegen 0.06/turn               (no ring)
MPRegen 0.09/turn               (no ring)

@: no status effects
A: cold resistance 1, negative energy resistance 3, torment resistance 2, heat
vulnerability 1, no potions
a: no special abilities


You were on level 2 of the Dungeon.
You visited 1 branch of the dungeon, and saw 2 of its levels.

You collected 24 gold pieces.

Inventory:

Hand Weapons
 b - a +0 spear
 d - a +0 hand axe (weapon)
 g - a +0 club
 l - a +0 sling
Missiles
 f - 11 stones
Armour
 a - a +0 robe (worn)
Jewellery
 h - a ring of resist corrosion
 k - an amulet of reflection
Scrolls
 i - a scroll of brand weapon {unknown}
 j - a scroll of enchant armour {unknown}
Potions
 c - a potion of curing {unknown}
 e - a potion of magic {unknown}


   Skills:
 + Level 1.6 Dodging
 + Level 1.6 Stealth
 + Level 2.8 Spellcasting
 + Level 4.3 Necromancy


You had 5 spell levels left.
You knew the following spells:

 Your Spells              Type           Power      Damage    Failure   Level
a - Necrotise             Necr           56%        1d6       3%          1

Your spell library contained the following spells:

 Spells                   Type           Power      Damage    Failure   Level
 Vampiric Draining        Necr           14%        2d7       11%         3
 Animate Dead             Necr           14%        N/A       36%         4
 Agony                    Necr           14%        N/A       71%         5


Dungeon Overview and Level Annotations

Branches:
Dungeon (2/15)

Altars:

Shops:
D:1 (


Innate Abilities, Weirdness & Mutations

You are immune to poison.
Your flesh is cold resistant. (rC+)
You are immune to negative energy. (rN+++)
You are immune to unholy pain and torment.
You are vulnerable to heat. (rF-)
You do not drink.


Message History

Aim: a quokka (moderately wounded, chance to affect: 84%)
You miscast Necrotise.
Nothing appears to happen.
You slash the quokka!
You kill the quokka!
Your magical contamination has completely faded away.
A gnoll comes into view. It is wielding a +0 spear.
Found 5 stones.
Aiming: Necrotise (safe; 3% risk of failure)
Press: ? - help, Q - select action, (/) - cycle Shift-Dir - straight line, f - gnoll
Aim: a gnoll, wielding a +0 spear (asleep, chance to affect: 78%)
The gnoll shouts!
The gnoll writhes in agony.
You hear a shout!
A gnoll comes into view. It is wielding a +0 club.
Aiming: Necrotise (safe; 3% risk of failure)
Press: ? - help, Q - select action, (/) - cycle Shift-Dir - straight line, f/p - gnoll
Aim: a gnoll, wielding a +0 spear (moderately wounded, chance to affect: 78%)
The gnoll writhes in agony.
The gnoll shouts!
You hear a shout! x2
Aiming: Necrotise (safe; 3% risk of failure)
Press: ? - help, Q - select action, (/) - cycle Shift-Dir - straight line, f/p - gnoll
Aim: a gnoll, wielding a +0 spear (heavily wounded, chance to affect: 78%)
The gnoll writhes in agony.
Aiming: Necrotise (safe; 3% risk of failure)
Press: ? - help, Q - select action, (/) - cycle Shift-Dir - straight line, f/p - gnoll
Aim: a gnoll, wielding a +0 spear (severely wounded, chance to affect: 78%)
The gnoll writhes in agony.
The gnoll hits you from afar with a +0 spear!
The gnoll barely misses you.
Aiming: Necrotise (safe; 3% risk of failure)
Press: ? - help, Q - select action, (/) - cycle Shift-Dir - straight line, f/p - gnoll
Aim: a gnoll, wielding a +0 spear (almost dead, chance to affect: 78%)
The gnoll barely resists.
The gnoll hits you from afar with a +0 spear.
The gnoll closely misses you.
You barely miss the gnoll.
The gnoll is almost dead.
You closely miss the gnoll. The gnoll hits you with a +0 spear!
You die...

#..# #..# #..#
#..#
######..######
#(...........#
#..# #gg# # #@.##
#. #...# ##.#
#.#.# .#...###.#.#
.........#.# #
#.....#.#.###.#
#.....<.......#.#
.#..........>.....
.........#.###.#.#


You could see 2 gnolls.

Vanquished Creatures
  2 bats (D:1)
  2 endoplasms
  A hobgoblin (D:1)
  A kobold (D:1)
  A quokka (D:2)
  A ball python (D:1)
8 creatures vanquished.

Notes
Turn   | Place    | Note
-------+----------+-------------------------------------------
     0 | D:1      | GorkyZ the Mummy Necromancer began the quest for the Orb.
     0 | D:1      | Reached XP level 1. HP: 13/13 MP: 4/4
    63 | D:1      | Found Efustros's Weapon Emporium.
  1095 | D:2      | Reached XP level 2. HP: 19/19 MP: 1/5
  1208 | D:2      | Slain by a gnoll

Illustrated notes

Levels and vault maps discovered:
D:1:      heliophobic_arrival_ceremonial_halls, layout_loops_corners,
          serial_shops, shop
D:2:      layout_loops_ring, uniq_sigmund

Action                   || total
-------------------------++-------
Melee: Hand axe          ||     4
 Cast: Necrotise         ||    15
  Use: Scroll            ||     1
Dodge: Dodged            ||     4
